 Dungeon Crawl Stone Soup version 0.19.1-1-g22dce08 (webtiles) character file.

175 truemonolith the Covert (level 5, 14/25 HPs)
             Began as a Spriggan Assassin on Jan 6, 2017.
             Was an Initiate of Okawaru.
             Quit the game on level 5 of the Dungeon.
             The game lasted 00:07:13 (4494 turns).

truemonolith the Covert (Spriggan Assassin)         Turns: 4494, Time: 00:07:14

Health: 14/25      AC:  5    Str:  7    XL:     5   Next: 29%
Magic:  6/6        EV: 17    Int: 12    God:    Okawaru [......]
Gold:   231        SH:  0    Dex: 19    Spells: 0 memorised, 4 levels left

rFire  + . .     SeeInvis +     a - +2 dagger
rCold  . . .     Gourm    .     c - +0 robe
rNeg   + . .     Faith    .     (shield restricted)
rPois  .         Spirit   .     (helmet restricted)
rElec  .         Reflect  .     i - +2 cloak
rCorr  .         Harm     .     (gloves unavailable)
MR     .....                    (boots unavailable)
Stlth  ++++......               (no amulet)
                                l - ring of protection from fire
                                n - ring of positive energy

@: very quick
A: unfitting armour, see invisible, herbivore 3, speed 3, slow metabolism 2
a: Renounce Religion


You were on level 5 of the Dungeon.
You worshipped Okawaru.
Okawaru was noncommittal.
You were not hungry.

You visited 2 branches of the dungeon, and saw 6 of its levels.

You collected 231 gold pieces.

Inventory:

Hand Weapons
 a - a +2 dagger (weapon)
 b - a +0 blowgun
 x - a +0 rapier
Missiles
 e - 8 poisoned needles
 f - 2 curare-tipped needles
Armour
 c - a +0 robe (worn)
 i - a +2 cloak (worn)
Jewellery
 l - a ring of protection from fire (right hand)
 n - a ring of positive energy (left hand)
 w - an uncursed ring of magical power
Wands
 s - a wand of confusion (37/48)
Scrolls
 h - a scroll of fog {unknown}
 m - a scroll of blinking {unknown}
 p - a scroll of remove curse {unknown}
 q - a scroll of random uselessness {unknown}
 u - a scroll of enchant armour {unknown}
 y - a scroll of teleportation {unknown}
Potions
 d - a potion of mutation {unknown}
 j - a potion of haste
 k - a potion of heal wounds
 o - a potion of degeneration {unknown}
 r - a potion of brilliance
 t - a potion of cancellation {unknown}
 v - a potion of curing
Comestibles
 g - 4 bread rations


   Skills:
 - Level 1.5 Fighting
 - Level 4.2 Short Blades
 - Level 2.0 Throwing
 - Level 1.5 Dodging
 + Level 8.6 Stealth


You had 4 spell levels left.
You didn't know any spells.

Dungeon Overview and Level Annotations

Branches:
Dungeon (5/15)             Temple (1/1) D:4

Altars:
Dithmenos
Kikubaaqudgha
Okawaru
Ru
Sif Muna
Trog
Uskayaw
Xom
Yredelemnul
Zin
The Shining One

Shops:
D:4 :

Annotations:
D:4 godfroggy's ghost, amateur MiFi
D:5 Dowan; Duvessa


Innate Abilities, Weirdness & Mutations

You are very small and have problems with some larger weapons.
You are too small for most types of armour.
You have supernaturally acute eyesight. (SInv)
You are a herbivore.
You cover ground extremely quickly.
You need consume almost no food.


Message History

The gnoll misses you.
Found a hand axe.
You closely miss the gnoll. The gnoll closely misses you.
The leopard gecko hisses angrily.
The gnoll shouts!
You hit the gnoll.
The gnoll is lightly wounded.
The gnoll hits you with a club. The gnoll closely misses you.
The gnoll hits you from afar with a spear!
You hit the gnoll.
The gnoll is lightly wounded.
The gnoll barely misses you. The gnoll misses you.
The gnoll closely misses you. The gnoll misses you.
You hit the gnoll.
The gnoll is moderately wounded.
The gnoll closely misses you.
You hit the gnoll.
The gnoll is heavily wounded.
The gnoll hits you but does no damage. The gnoll completely misses you.
The gnoll hits you but does no damage.
Are you sure you want to abandon this character and quit the game? (Confirm with "yes".)

..# ##.#####...
.. ##..........
###...(###....
##......# ...#
........##....#
..........#...#
..###.........#
.# ##....g...##
#.g@.......
#.gg.......
#..l.......
.......##...
)....#..# ...
#...#.. ..# ..
#...##. ..# #..
#. ...


You could see 4 gnolls and a leopard gecko.

Vanquished Creatures
  A centaur skeleton (D:4)
  A gnoll (D:4)
  5 adders
  2 oozes
  2 worms
  A dart slug (D:1)
  A leopard gecko (D:2)
  3 orcs
  2 ball pythons
  7 giant cockroaches
  6 goblins
  12 hobgoblins
  3 quokkas
  6 bats
  5 frilled lizards
  7 kobolds
  10 rats
74 creatures vanquished.

Notes
Turn   | Place    | Note
-------+----------+-------------------------------------------
     0 | D:1      | truemonolith the Spriggan Assassin began the quest for the Orb.
     0 | D:1      | Reached XP level 1. HP: 10/10 MP: 2/2
    62 | D:1      | Reached skill level 6 in Stealth
   464 | D:1      | Reached XP level 2. HP: 6/14 MP: 3/3
   754 | D:1      | Reached skill level 7 in Stealth
  1155 | D:2      | Reached XP level 3. HP: 18/18 MP: 4/4
  1319 | D:2      | Reached skill level 8 in Stealth
  1757 | D:2      | Reached XP level 4. HP: 22/22 MP: 5/5
  1993 | D:3      | Found a glowing silver altar of Zin.
  3328 | D:4      | Found Xijelug's Book Boutique.
  3341 | D:4      | Found a staircase to the Ecumenical Temple.
  3368 | Temple   | Entered the Ecumenical Temple
  3429 | Temple   | Became a worshipper of Warmaster Okawaru
  3598 | D:4      | Noticed godfroggy's ghost (amateur MiFi)
  3827 | D:4      | Reached XP level 5. HP: 25/25 MP: 6/6
  3980 | D:4      | Found an iron altar of Okawaru.
  4316 | D:5      | Entered Level 5 of the Dungeon
  4381 | D:5      | Noticed Duvessa
  4384 | D:5      | Noticed Dowan
  4494 | D:5      | Quit the game

Skill      XL: |  1  2  3  4 |
---------------+-------------+-----
Stealth        | 6 7 8 |  8.6
Short Blades   | 4 |  4.2
Fighting       | |  1.5
Throwing       | |  2.0
Dodging        | |  1.5

Action                   |  1- 3 |  4- 6 || total
-------------------------+-------+-------++-------
Melee: Dagger            |    96 |   132 ||   228
       Rapier            |       |    29 ||    29
  Use: Potion            |     1 |     3 ||     4
       Scroll            |       |     3 ||     3
 Stab: Sleeping          |    22 |     6 ||    28
       Distracted        |       |     1 ||     1
  Eat: Pizza             |       |     1 ||     1
Armor: Robe              |    11 |    25 ||    36
Dodge: Dodged            |    72 |   135 ||   207
